 Dungeon Crawl Stone Soup version 0.28-a0-779-g3d1f99b579 (webtiles) character file.

Game seed: 16775721741191747526

765 timneilson the Shield-Bearer (level 7, 0/66 HPs)
             Began as a Gargoyle Fighter on Nov 2, 2021.
             Slain by a ball python (2 damage)
             ... on level 4 of the Dungeon.
             The game lasted 00:05:59 (3646 turns).

timneilson the Shield-Bearer (Gargoyle Fighter)     Turns: 3646, Time: 00:06:00

Health: 0/66       AC: 27    Str: 22    XL:     7   Next: 81%
Magic:  7/7        EV: -1    Int:  8    God:
Gold:   71         SH:  0    Dex:  9    Spells: 6/6 levels left

rFire   . . .      SeeInvis .   a - +1 long sword
rCold   . . .      Faith    .   c - +0 buckler
rNeg    + + .      Spirit   .   (armour currently unavailable)
rPois   ∞          Reflect  .   (helmet currently unavailable)
rElec   .          Harm     .   (cloak currently unavailable)
rCorr   .          Rampage  .   (gloves currently unavailable)
Will    .....      NoTele   +   (boots currently unavailable)
Stlth   +.........              (no amulet)
HPRegen 0.21/turn               o - ring of positive energy
MPRegen 0.10/turn               p - +4 ring of protection

@: confused, brilliant, tree-form (expiring), attractive, constricted
A: stationary, stasis, torment immunity, boosted hp, sickness immunity, AC +4,
negative energy resistance 1, (electricity resistance), torment resistance 1,
petrification resistance
a: no special abilities


You were on level 4 of the Dungeon.
You were a tree.
You visited 1 branch of the dungeon, and saw 4 of its levels.

You collected 71 gold pieces.

Inventory:

Hand Weapons
 a - a +1 long sword (weapon)
Armour
 c - a +0 buckler (worn)
 g - a +0 helmet (melded)
 i - a +0 chain mail (melded)
Jewellery
 m - a ring of fire
 o - a ring of positive energy (left branch)
 p - a +4 ring of protection (right branch)
Wands
 e - a wand of polymorph (6)
Scrolls
 b - 2 scrolls of immolation {unknown}
 h - 4 scrolls of identify {unknown}
Potions
 d - a potion of lignification
 k - a potion of heal wounds {unknown}
 l - a potion of curing {unknown}
 n - a potion of berserk rage {unknown}


   Skills:
 + Level 4.4 Fighting
 * Level 4.0 Long Blades
 * Level 5.4 Armour
 + Level 2.0 Dodging
 * Level 5.5 Shields
 + Level 1.9 Evocations


You had 6 spell levels left.
You didn't know any spells.
Your spell library contained the following spells:

 Spells                   Type           Power      Damage    Failure   Level
 Apportation              Tloc           0%         N/A       41%         1
 Passage of Golubria      Tloc           0%         N/A       99%         4
 Iskenderun's Battlesphe  Conj           0%         2d6       100%        5


Dungeon Overview and Level Annotations

Branches:
Dungeon (4/15)
 Temple: D:4-7

Altars:
Ashenzari
Hepliaklqana


Innate Abilities, Weirdness & Mutations

You are a tree.
Your roots penetrate the ground, keeping you stationary.
You cannot be teleported.
You are immune to unholy pain and torment.
Your maximum health is greatly increased.
Your equipment is partially melded.
You are immune to sickness and miasma.
((Your stone body is resilient. (AC +4)))
You are immune to poison.
You resist negative energy. (rN+)
((You are resistant to electric shocks. (rElec)))
You are resistant to unholy torment.
You are immune to petrification.


Message History

Something hits you but does no damage.
You slash the orc!
You kill the orc!
The ball python bites you but does no damage.
The ball python constricts you. The orc hits you but does no damage. x2
Something hits you but does no damage.
The ball python bites you but does no damage.
The ball python constricts you. The orc hits you with a +0 hand axe.
* * * LOW HITPOINT WARNING * * *
You slash the orc!
You kill the orc!
You block the orc's attack.
The ball python bites you but does no damage.
The ball python constricts you. Something hits you but does no damage.
Unknown command.
You closely miss the ball python. The ball python bites you.
* * * LOW HITPOINT WARNING * * *
The ball python constricts you. The orc hits you but does no damage.
Something hits you.
* * * LOW HITPOINT WARNING * * *
The ball python bites you but does no damage.
The ball python constricts you.
It was a potion of brilliance.
You feel clever all of a sudden.
The orc splashes around in the water.
You hear some strange, mumbled words.
A puff of flame appears from out of thin air!
The puff of flame hits you but does no damage.
You block the ball python's attack. The ball python constricts you.
It was a potion of attraction.
You feel attractive to monsters.
Your transformation is almost over.
The orc hits you but does no damage.
You hear some strange, mumbled words.
You are confused.
The ball python bites you but does no damage.
The ball python constricts you.
The orc splashes around in the water.
Something hits you.
* * * LOW HITPOINT WARNING * * *
The ball python bites you.
You die...

#.#.# #.#.......#
#.#.###..##.....#
#.#......##.....#
#.####...########
#........#
#####....# #.#.##
#.#.)##
#####)#♣).###
##..≈..S{).≈..≈.
#..≈≈≈.o≈≈≈≈≈≈≈≈
#.≈≈≈..≈≈≈≈≈≈≈≈≈
#≈≈≈≈≈≈≈.≈≈≈≈.≈≈
#≈≈≈≈≈≈≈≈≈.≈≈≈≈≈
#≈≈≈≈#≈.........
#≈≈≈##.....###.#
#≈≈#####.##.


You could see an orc and a ball python.

Vanquished Creatures
  Grinder (D:3)
  Sigmund (D:3)
  An ogre (D:4)
  A scorpion (D:4)
  A wyvern skeleton (D:3)
  2 hounds
  Ijyb (D:3)
  Robin (D:3)
  3 gnolls (D:3)
  2 adders
  An adder skeleton (D:4)
  A worm (D:3)
  A dart slug (D:4)
  8 orcs
  4 ball pythons
  A bat (D:2)
  2 endoplasms
  A giant cockroach (D:2)
  12 goblins
  9 hobgoblins
  5 jackals
  2 quokkas
  4 frilled lizards
  3 kobolds (D:2)
  3 rats
71 creatures vanquished.

Notes
Turn   | Place    | Note
-------+----------+-------------------------------------------
     0 | D:1      | timneilson the Gargoyle Fighter began the quest for the
                  | Orb.
     0 | D:1      | Reached XP level 1. HP: 14/14 MP: 1/1
   141 | D:1      | Reached XP level 2. HP: 19/19 MP: 2/2
   836 | D:2      | Found a hazy altar of Hepliaklqana.
  1131 | D:2      | Reached XP level 3. HP: 23/23 MP: 3/3
  1181 | D:2      | Got the Almanac of Translocation and Attacks
  1642 | D:3      | Noticed Ijyb
  1649 | D:3      | Killed Ijyb
  1687 | D:3      | Reached XP level 4. HP: 7/29 MP: 4/4
  1933 | D:3      | Noticed Robin
  1950 | D:3      | Reached skill level 1 in Dodging
  1952 | D:3      | Reached XP level 5. HP: 26/33 MP: 5/5
  1961 | D:3      | Killed Robin
  2222 | D:3      | Noticed Sigmund
  2235 | D:3      | Killed Sigmund
  2236 | D:3      | Reached skill level 1 in Evocations
  2236 | D:3      | Reached XP level 6. HP: 24/38 MP: 6/6
  2769 | D:3      | Found a broken altar of Ashenzari.
  2954 | D:3      | Noticed Grinder
  2956 | D:3      | Paralysed by Grinder for 5 turns
  2968 | D:3      | Paralysed by Grinder for 6 turns
  2980 | D:3      | Paralysed by Grinder for 5 turns
  2986 | D:3      | Killed Grinder
  2987 | D:3      | Reached skill level 5 in Armour
  2987 | D:3      | Reached skill level 5 in Shields
  2987 | D:3      | Reached XP level 7. HP: 21/43 MP: 7/7
  3643 | D:4      | HP: 3/66 [something (1)]
  3646 | D:4      | Slain by a ball python

Illustrated notes

Levels and vault maps discovered:
D:1:      minmay_arrival_shattered_statue, layout_basic, minivault_4
D:2:      layout_basic, basic_altar, kennysheep_generic_room_12
D:3:      layout_loops_ring, lemuel_tele_altar, chequers_serial_rivers_small_b,
          minmay_misc_feat_diagonals, grunt_ministairs_3, minmay_misc_feat_iff,
          uniq_ijyb, uniq_sigmund, uniq_grinder, uniq_robin
D:4:      layout_loops_ring, nrook_loot_triangle, chequers_serial_rivers_large_a

Skill      XL: |  1  2  3  4  5  6  7 |
---------------+----------------------+-----
Long Blades    | 2 3 4 |  4.0
Armour         | 4 5 |  5.4
Shields        | 4 5 |  5.5
Dodging        | 1 2 |  2.0
Fighting       | 4 |  4.4
Evocations     | 1 |  1.9

Action                   |  1- 3 |  4- 6 |  7- 9 || total
-------------------------+-------+-------+-------++-------
Melee: Long sword        |    77 |    85 |    82 ||   244
  Use: Scroll            |     7 |       |       ||     7
       Potion            |       |     1 |     3 ||     4
Armor: Scale mail        |    40 |    11 |       ||    51
       Chain mail        |       |    23 |    59 ||    82
       Skin              |       |       |    28 ||    28
Dodge: Dodged            |    40 |    33 |    50 ||   123
Block: Buckler           |     7 |    15 |    33 ||    55

Table legend: (Time is in decaauts)
 A = Elapsed time spent in this place.
 B = Non-inter-level travel time spent in this place.
 C = Inter-level travel time spent in this place.
 D = Time resting spent in this place.
 E = Time spent auto-exploring this place.
 F = Levels seen in this place.
 G = Mean time per level.
                   A        B        C        D        E       F      G
               +--------+--------+--------+--------+--------+-----+--------+
         Total |   3712 |   3647 |     65 |    251 |   2732 |   4 |  928.0 |
       Dungeon |   3712 |   3647 |     65 |    251 |   2732 |   4 |  928.0 |
               +--------+--------+--------+--------+--------+-----+--------+

Top non-repeatable levels by time:
     D:3: 1740 daAuts
     D:2: 1074 daAuts
     D:1: 540 daAuts
     D:4: 357 daAuts
